 Dungeon Crawl Stone Soup version 0.29-a0-314-gb00dd7cb4b (webtiles) character file.

Game seed: 7770556927902840037

72 einarkeyser the Bolt Thrower (level 4, -6/38 HPs)
             Began as a Hill Orc Hunter on Mar 29, 2022.
             Mangled by an orc
             ... wielding a +0 hand axe
              (7 damage)
             ... on level 3 of the Dungeon.
             The game lasted 00:04:24 (2447 turns).

einarkeyser the Bolt Thrower (Hill Orc Hunter)      Turns: 2447, Time: 00:04:25

Health: -6/38      AC:  2    Str: 13    XL:     4   Next: 25%
Magic:  4/4        EV: 12    Int:  9    God:
Gold:   123        SH:  0    Dex: 16    Spells: 3/3 levels left

rFire   . . .      SeeInvis .   a - +1 hand crossbow
rCold   . . .      Faith    .   (no shield)
rNeg    . . .      Spirit   .   b - +0 leather armour
rPois   .          Reflect  .   (no helmet)
rElec   .          Harm     .   (no cloak)
rCorr   .          Rampage  .   k - +0 pair of gloves
Will    .....                   (no boots)
Stlth   ++........              (no amulet)
HPRegen 0.12/turn               (no ring)
MPRegen 0.09/turn               (no ring)

@: brilliant, lethally poisoned (-6 -> -11), hasted, very quick
A: deformed body
a: no special abilities


You were on level 3 of the Dungeon.
You visited 1 branch of the dungeon, and saw 4 of its levels.

You collected 123 gold pieces.

Inventory:

Hand Weapons
 a - a +1 hand crossbow (weapon)
 g - a +1 dagger of venom
Missiles
 l - 3 javelins
Armour
 b - a +0 leather armour (worn)
 k - a +0 pair of gloves (worn)
Scrolls
 c - a scroll of immolation
 d - a scroll of silence {unknown}
 f - 2 scrolls of fog {unknown}
 h - a scroll of teleportation {unknown}
 i - a scroll of torment {unknown}
 o - 2 scrolls of identify {unknown}
 q - a scroll of brand weapon {unknown}
 s - a scroll of blinking {unknown}
 u - a scroll of magic mapping {unknown}
Potions
 p - a potion of curing {unknown}
 r - a potion of invisibility {unknown}
 t - a potion of magic {unknown}
 v - a potion of resistance {unknown}


   Skills:
 - Level 3.0 Fighting
 + Level 4.3 Crossbows
 - Level 2.0 Dodging
 - Level 2.0 Stealth


You had 3 spell levels left.
You didn't know any spells.
Your spell library contained the following spells:

 Spells                   Type           Power      Damage    Failure   Level
 Sublimation of Blood     Necr           0%         N/A       61%         2
 Petrify                  Tmut/Erth      0%         N/A       99%         4
 Irradiate                Conj/Tmut      0%         3d13      100%        5


Dungeon Overview and Level Annotations

Branches:
Dungeon (4/15)
 Temple: D:4-7

Altars:


Innate Abilities, Weirdness & Mutations

Armour fits poorly on your strangely shaped body.


Message History

The orc hits you with a +0 flail!
* * * LOW HITPOINT WARNING * * *
You feel much better.
You feel sick. The orc closely misses you.
Something hits you but does no damage. The orc closely misses you.
Okay, then.
Shoot: a) +1 hand crossbow
Press: ? - help, Q - select action, (/) - cycle Shift-Dir - straight line, f/p - orc
Aim: an orc, wielding a +0 flail and wearing a +0 leather armour (heavily wounded, 65% to hit)
You shoot a bolt. The bolt barely misses the orc.
You feel sick. The orc closely misses you.
You hear some strange, mumbled words.
A magic dart appears from out of thin air!
The magic dart hits you! The orc hits you with a +0 flail.
Shoot: a) +1 hand crossbow
Press: ? - help, Q - select action, (/) - cycle Shift-Dir - straight line, f/p - orc
Aim: an orc, wielding a +0 flail and wearing a +0 leather armour (heavily wounded, 65% to hit)
You shoot a bolt. The bolt hits the orc!
You kill the orc!
You feel sick. Something hits you.
You are more poisoned.
The orc hits you with a +0 hand axe.
You feel sick.
There is a stone staircase leading up here.
Things that are here:
a +0 flail; a +0 leather armour You don't know any spells.
You can't go down here!
* * * LOW HITPOINT WARNING * * *
You feel sick. The orc hits you with a +0 hand axe.
* * * LOW HITPOINT WARNING * * *
You climb upwards.
Reactivating autopickup.
* * * LOW HITPOINT WARNING * * *
You feel sick.
There is a stone staircase leading down here.
It was a potion of brilliance.
You feel clever all of a sudden.
* * * LOW HITPOINT WARNING * * *
You feel sick. The orc hits you with a +0 hand axe!
You die...

.....# #.#...#
.....# #.#..##
.....# #.#.##
.....######### #.#.#
....##.......# #.#.#
....##.......# #.#.#
....##.......# #.#.#
....##.......###.#.#
...............o@#.#
....##.......#####.#
...................#
####........########
# #........# #
#........# #
#........# #
#........# #
#........#


You could see an orc.

Vanquished Creatures
  2 adders (D:2)
  3 worms
  A dart slug (D:1)
  2 orcs (D:4)
  4 ball pythons
  2 endoplasms
  4 giant cockroaches
  5 hobgoblins
  2 kobolds
  A quokka (D:3)
  5 bats
  2 frilled lizards
  4 goblins
  3 rats (D:1)
40 creatures vanquished.

Notes
Turn   | Place    | Note
-------+----------+-------------------------------------------
     0 | D:1      | einarkeyser the Hill Orc Hunter began the quest for the
                  | Orb.
     0 | D:1      | Reached XP level 1. HP: 18/18 MP: 1/1
   179 | D:1      | Reached skill level 1 in Stealth
   261 | D:1      | Reached XP level 2. HP: 25/25 MP: 2/2
   957 | D:2      | Reached XP level 3. HP: 30/30 MP: 3/3
  1188 | D:2      | Reached skill level 4 in Crossbows
  1645 | D:2      | Found a faded altar of an unknown god.
  1843 | D:3      | Reached XP level 4. HP: 24/38 MP: 4/4
  2042 | D:3      | Identified the +7 mace "Buolunta" {freeze, Str+4 Int+4
                  | Dex-5}
  2439 | D:4      | Gained mutation: Armour fits poorly on your strangely
                  | shaped body. [potion of mutation]
  2447 | D:3      | HP: 1/38 [poisoned by an orc wizard]
  2447 | D:3      | Mangled by an orc

Illustrated notes

Levels and vault maps discovered:
D:1:      psy_arrival_fountain, layout_loops_ring, lemuel_old_faithful
D:2:      layout_basic, shapermc_ecumenical_altar_hornbeckon
D:3:      layout_basic, small_statue_intersection, minmay_parallelograms,
          minmay_curled_crystal
D:4:      layout_cave_pods

Skill      XL: |  1  2  3 |
---------------+----------+-----
Stealth        | 1 2 |  2.0
Fighting       | 3 |  3.0
Dodging        | 2 |  2.0
Crossbows      | 4 |  4.3

Action                   |  1- 3 |  4- 6 || total
-------------------------+-------+-------++-------
 Fire: Hand crossbow     |    79 |    37 ||   116
  Use: Potion            |       |     5 ||     5
Armor: Leather armour    |    11 |    10 ||    21
Dodge: Dodged            |    13 |    18 ||    31

Table legend: (Time is in decaauts)
 A = Elapsed time spent in this place.
 B = Non-inter-level travel time spent in this place.
 C = Inter-level travel time spent in this place.
 D = Time resting spent in this place.
 E = Time spent auto-exploring this place.
 F = Levels seen in this place.
 G = Mean time per level.
                   A        B        C        D        E       F      G
               +--------+--------+--------+--------+--------+-----+--------+
         Total |   2487 |   2268 |    219 |    224 |   1768 |   4 |  621.8 |
       Dungeon |   2487 |   2268 |    219 |    224 |   1768 |   4 |  621.8 |
               +--------+--------+--------+--------+--------+-----+--------+

Top non-repeatable levels by time:
     D:2: 910 daAuts
     D:1: 780 daAuts
     D:3: 773 daAuts
     D:4: 23 daAuts
